 Dungeon Crawl Stone Soup version 0.21.0-3-g78d12a8bdd (webtiles) character file.

2030 Esekla the Cutter (level 8, -5/62 HPs)
             Began as a Demigod Enchanter on Jan 16, 2018.
             Killed by divine providence
             ... invoked by an orc priest
              (11 damage)
             ... on level 8 of the Dungeon.
             The game lasted 01:17:05 (8015 turns).

Esekla the Cutter (Demigod Enchanter)               Turns: 8015, Time: 01:17:06

Health: -5/62      AC:  3    Str: 11    XL:     8   Next: 73%
Magic:  13/15      EV: 15    Int: 23    God:
Gold:   318        SH:  4    Dex: 18    Spells: 3/12 levels left

rFire    . . .     SeeInvis .   g - +3 spear of Qifa {vamp, rElec rPois rC- Int+2} (curse)
rCold    x . .     Gourm    .   (no shield)
rNeg     . . .     Faith    .   b - +0 robe
rPois    +         Spirit   .   o - +0 helmet
rElec    +         Reflect  +   (no cloak)
rCorr    .         Harm     .   (no gloves)
MR       .....                  (no boots)
Stlth    +++.......             f - +4 amulet of reflection
HPRegen  0.20/turn              k - ring of wizardry
MPRegen  0.14/turn              p - ring of stealth

@: about to teleport
A: high mp 1
a: no special abilities


You were on level 8 of the Dungeon.
You were not hungry.

You visited 1 branch of the dungeon, and saw 8 of its levels.
You also visited: Sewer.

You collected 318 gold pieces.

Inventory:

Hand Weapons
 a - a +1 dagger
 g - the cursed +3 spear of Qifa (weapon) {vamp, rElec rPois rC- Int+2}
   (You found it in a sewer)

   It inflicts no extra harm, but heals its wielder when it wounds a living foe.
   It affects your intelligence (+2).
   It makes you vulnerable to cold.
   It insulates you from electricity.
   It protects you from poison.
   It has a curse placed upon it.
 h - a +3 dagger of draining
 q - a +2 dagger of flaming
Missiles
 D - 2 tomahawks (quivered)
Armour
 b - a +0 robe (worn)
 o - a +0 helmet (worn)
 r - a +0 buckler
Jewellery
 f - a +4 amulet of reflection (around neck)
 k - a ring of wizardry (left hand)
 l - an uncursed ring of teleportation
 p - a ring of stealth (right hand)
Wands
 m - a wand of paralysis (16)
 s - a wand of disintegration (16)
Scrolls
 i - 3 scrolls of amnesia
 j - 2 scrolls of teleportation
 n - 2 scrolls of remove curse
 y - a scroll of blinking {unknown}
 E - a scroll of fear {unknown}
Potions
 e - 4 potions of flight
 t - a potion of haste {unknown}
 u - 2 potions of heal wounds
 v - 3 potions of might
 w - 2 potions of curing
 x - 2 potions of brilliance {unknown}
 z - a potion of lignification {unknown}
 A - 2 potions of degeneration {unknown}
 B - a potion of berserk rage {unknown}
 C - 2 potions of ambrosia {unknown}
Books
 c - a book of Maledictions

   Spells                             Type                      Level
   a - Corona                         Hexes                        1
   b - Ensorcelled Hibernation        Hexes/Ice                    2
   c - Confuse                        Hexes                        3
   d - Tukima's Dance                 Hexes                        3
   e - Dazzling Spray                 Conjuration/Hexes            3
Comestibles
 d - 5 rations


   Skills:
 - Level 2.4 Fighting
 - Level 6.0 Short Blades
 * Level 5.2 Polearms
 + Level 4.4 Dodging
 - Level 2.6 Stealth
 + Level 2.3 Shields
 + Level 2.7 Spellcasting
 * Level 2.6 Conjurations
 + Level 3.4 Hexes


You had 3 spell levels left.
You knew the following spells:

 Your Spells              Type           Power        Failure   Level  Hunger
b - Tukima's Dance        Hex            ###.....     3%          3    ###....
c - Confuse               Hex            ###.....     3%          3    ###....
d - Dazzling Spray        Conj/Hex       ###...       4%          3    ###....


Dungeon Overview and Level Annotations

Branches:
Dungeon (8/15)
 Temple: D:4-7         Lair: D:8-11


Innate Abilities, Weirdness & Mutations

You have an increased reservoir of magic. (+10% MP)


Message History

Found 7 tomahawks.
An orc comes into view. It is wielding a trident.
An orc, an orc wizard and a skeleton come into view.
The orc wizard is wielding a dagger of holy wrath.
Found 22 sling bullets.
An orc priest comes into view. It is wielding a mace.
The orc shouts!
The orc wizard shouts!
The orc wizard mumbles some strange words.
The orc wizard blinks!
The orc priest shouts!
Found 17 arrows.
A quokka comes into view.
As you read the scroll of teleportation, it crumbles to dust.
You feel strangely unstable.
The orc shouts!
The quokka moves out of view.
The adder skeleton bites you but does no damage.
The orc priest calls down the wrath of Beogh upon you.
Beogh smites you!
You die...

#. #.###########
#...........#
#...........##
#..%...........
#..............
######+##..............
#.............####.....
#.....@O......# #.....
#.....Z.......# #.....
#.............# ####
######o#.........
.r.#..........
..o(##.>........ ....o
#.......... ....(
#(......... ### .....
#......... #..


You could see a two-headed ogre, an orc priest, an orc, a quokka and an adder
skeleton.

Vanquished Creatures
  Grinder (D:3)
  Sigmund (D:5)
  An orc warrior (D:8)
  An ogre (D:6)
  2 phantoms
  A centaur (D:5)
  3 big kobolds (Sewer)
  2 bullfrogs
  3 scorpions
  3 hounds
  2 bullfrog zombies
  A jelly (D:8)
  A centaur skeleton (D:4)
  An orc priest (D:3)
  An orc wizard (D:3)
  A bullfrog skeleton (D:5)
  Terence (D:2)
  Ijyb (D:3)
  A worker ant (D:5)
  A killer bee zombie (D:8)
  A hound zombie (D:5)
  7 gnolls
  5 adders
  A howler monkey skeleton (D:8)
  An ooze (D:2)
  A worm (D:5)
  4 dart slugs
  3 leopard geckos
  18 orcs
  12 bats
  4 giant cockroaches
  12 goblins
  3 hobgoblins
  13 jackals
  4 quokkas
  2 ball pythons
  A ball python skeleton (D:4)
  3 frilled lizards (D:1)
  A jackal skeleton (D:4)
  28 kobolds
  15 rats
168 creatures vanquished.

Vanquished Creatures (collateral kills)
  An ogre (D:5)
  A killer bee zombie (D:6)
  A kobold (D:2)
3 creatures vanquished.

Vanquished Creatures (others)
  A dancing weapon (D:4)
1 creature vanquished.

Grand Total: 172 creatures vanquished

Notes
Turn   | Place    | Note
-------+----------+-------------------------------------------
     0 | D:1      | Esekla the Demigod Enchanter began the quest for the Orb.
     0 | D:1      | Reached XP level 1. HP: 14/14 MP: 5/5
    66 | D:1      | Reached skill level 1 in Short Blades
   195 | D:2      | Noticed a scorpion
   345 | D:1      | Reached XP level 2. HP: 8/20 MP: 7/7
   909 | D:4      | Noticed a phantom
   963 | D:3      | Noticed Grinder
  1003 | D:4      | Reached skill level 2 in Short Blades
  1003 | D:4      | Reached XP level 3. HP: 9/27 MP: 8/8
  1023 | D:4      | Learned a level 3 spell: Tukima's Dance
  1982 | D:2      | Reached XP level 4. HP: 20/34 MP: 9/9
  2019 | D:2      | Reached skill level 3 in Short Blades
  2336 | D:2      | Noticed Terence
  2343 | D:2      | Killed Terence
  2343 | D:2      | Reached skill level 1 in Fighting
  2353 | D:2      | Found a hazy altar of Hepliaklqana.
  3133 | D:3      | Reached XP level 5. HP: 33/40 MP: 10/10
  3193 | D:3      | Learned a level 3 spell: Confuse
  3265 | D:3      | Noticed an ice beast
  3388 | D:2      | Reached skill level 4 in Short Blades
  3589 | D:3      | Noticed Ijyb
  3590 | D:3      | Found a white marble altar of Elyvilon.
  3601 | D:3      | Killed Ijyb
  3894 | D:5      | Entered Level 5 of the Dungeon
  3941 | D:5      | Noticed a centaur
  3942 | D:5      | Reached XP level 6. HP: 47/47 MP: 11/11
  4007 | D:5      | Reached skill level 5 in Short Blades
  4190 | D:5      | Noticed Sigmund
  4206 | D:5      | Killed Sigmund
  4206 | D:5      | Reached XP level 7. HP: 18/55 MP: 13/13
  4275 | D:5      | Learned a level 3 spell: Dazzling Spray
  4351 | D:5      | Found a glowing drain.
  4374 | Sewer    | Entered a sewer
  4433 | Sewer    | Reached skill level 1 in Shields
  4583 | Sewer    | Got a polished spear
  4592 | Sewer    | Identified the cursed +3 spear of Qifa {vamp, rElec rPois rC- Int+2} (You found it in a sewer)
  4648 | Sewer    | Reached skill level 6 in Short Blades
  4648 | Sewer    | Reached skill level 1 in Conjurations
  5750 | D:5      | Reached skill level 1 in Polearms
  6030 | D:5      | Found a burning altar of Makhleb.
  6257 | D:5      | Reached XP level 8. HP: 40/62 MP: 14/14
  6903 | D:3      | Paralysed by Grinder for 7 turns
  6909 | D:3      | HP: 3/62 [Grinder (5)]
  6922 | D:3      | Killed Grinder
  7399 | D:8      | Found a burning altar of Makhleb.
  7821 | D:8      | Reached skill level 5 in Polearms
  7973 | D:8      | Noticed a two-headed ogre
  7997 | D:8      | HP: 2/62 [two-headed ogre/giant spiked club (13)]
  8002 | D:8      | Noticed a two-headed ogre
  8015 | D:8      | Killed from afar by an orc priest

Skill      XL: |  1  2  3  4  5  6  7  8 |
---------------+-------------------------+-----
Short Blades   | 1 2 3 4 5 6 |  6.0
Dodging        | 2 3 4 |  4.4
Fighting       | 1 2 |  2.4
Spellcasting   | 2 |  2.7
Hexes          | 3 |  3.4
Shields        | 1 2 |  2.3
Conjurations   | 1 2 |  2.6
Polearms       | 2 5 |  5.2
Stealth        | |  2.6

Action                   |  1- 3 |  4- 6 |  7- 9 || total
-------------------------+-------+-------+-------++-------
Melee: Dagger            |   157 |   201 |    63 ||   421
       Spear             |       |       |   360 ||   360
Throw: Tomahawk          |       |       |     3 ||     3
 Cast: Corona            |     1 |       |       ||     1
       Tukima's Dance    |     3 |     5 |     4 ||    12
       Dazzling Spray    |       |       |     5 ||     5
  Use: Scroll            |     2 |     1 |     5 ||     8
       Potion            |     2 |       |     4 ||     6
 Stab: Sleeping          |     4 |     7 |    14 ||    25
       Distracted        |     1 |       |     1 ||     2
       Invisible         |       |       |     2 ||     2
  Eat: Ration            |     1 |     3 |     5 ||     9
Armor: Robe              |    31 |    23 |    30 ||    84
Dodge: Dodged            |    81 |    96 |   180 ||   357
Block: Other             |    23 |    28 |    57 ||   108
       Reflection        |     1 |       |     4 ||     5
